 Dungeon Crawl Stone Soup version 0.18-a0-1702-gd20c6a5 (webtiles) character file.

2881 namelastname112 the Grappler (level 9, 0/75 HPs)
             Began as a Demigod Monk on Apr 7, 2016.
             Slain by an ogre
             ... wielding a +0 giant club
              (27 damage)
             ... on level 8 of the Dungeon.
             The game lasted 00:10:28 (7339 turns).

namelastname112 the Grappler (Demigod Monk)         Turns: 7339, Time: 00:10:28

Health: 0/75       AC: 15    Str: 20    XL:     9   Next: 24%
Magic:  11/11      EV:  9    Int: 14    God:
Gold:   155        SH:  0    Dex: 18    Spells: 1 memorised, 6 levels left

rFire  . . .     SeeInvis .       - Unarmed
rCold  . . .     Gourm    .     v - +0 plate armour
rNeg   . . .     Faith    .     (no shield)
rPois  .         Spirit   .     (no helmet)
rElec  .         Dismiss  .     (no cloak)
rCorr  .         Reflect  .     r - +2 pair of gloves
SustAt +         Harm     +     (no boots)
MR     .....                    D - amulet of harm
Stlth  ..........               (no ring)
                                (no ring)

@: repel missiles, not resistant to hostile enchantments, extremely unstealthy
A: high mp 1, sustain attributes
a: no special abilities


You were on level 8 of the Dungeon.
You were not hungry.

You visited 1 branch of the dungeon, and saw 8 of its levels.

You collected 383 gold pieces.
You spent 228 gold pieces at shops.

Inventory:

Missiles
 A - 13 curare-tipped needles
Armour
 r - a +2 pair of gloves (worn)
 v - a +0 plate armour (worn)
Jewellery
 D - an amulet of harm (around neck)
Wands
 w - a wand of digging (16/24)
Scrolls
 c - a scroll of acquirement {unknown}
 d - 2 scrolls of remove curse
 h - a scroll of magic mapping
 i - a scroll of teleportation
 n - 2 scrolls of amnesia {unknown}
 o - a scroll of recharging {unknown}
 q - 7 scrolls of identify {unknown}
 u - a scroll of noise {unknown}
 y - 4 scrolls of random uselessness {unknown}
 C - a scroll of enchant weapon
 E - 2 scrolls of vulnerability
Potions
 a - a potion of curing
 e - 4 potions of degeneration {unknown}
 f - a potion of haste {unknown}
 g - 2 potions of mutation {unknown}
 j - 2 potions of cancellation {unknown}
 k - a potion of invisibility {unknown}
 l - a potion of agility {unknown}
 m - a potion of heal wounds {unknown}
 t - 2 potions of might {unknown}
 x - a potion of lignification
 z - a potion of beneficial mutation {unknown}
 F - a potion of brilliance {unknown}
Books
 p - a book of Air

   Spells                             Type                      Level
   a - Shock                          Conjuration/Air              1
   b - Swiftness                      Charms/Air                   2
   c - Repel Missiles                 Charms/Air                   2
   d - Static Discharge               Conjuration/Air              3
   e - Lightning Bolt                 Conjuration/Air              5
Comestibles
 b - 5 bread rations
 s - 4 meat rations
 B - a chunk of flesh


   Skills:
 + Level 6.1 Fighting
 + Level 5.1 Armour
 + Level 5.9 Dodging
 - Level 1.7 Stealth
 * Level 8.6 Unarmed Combat


You had 6 spell levels left.
You knew the following spells:

 Your Spells              Type           Power        Failure   Level  Hunger
a - Repel Missiles        Chrm/Air       #.....       100%        2    ###....


Dungeon Overview and Level Annotations

Branches:
Dungeon (8/15)             Temple (0/1) D:7
   Lair: D:8-11

Shops:
D:6 [


Innate Abilities, Weirdness & Mutations

You have an increased reservoir of magic (+10% MP).
Your attributes are resistant to harm.


Message History

Found a plate armour.
An ogre comes into view. It is wielding a giant club.
The ogre shouts!
An ogre is nearby!
An ogre is nearby!
The ogre hits you with a giant club!
You hit the ogre.
The ogre is moderately wounded.
You closely miss the ogre.
The ogre is moderately wounded.
The ogre hits you with a giant club!
You punch the ogre!
The ogre is heavily wounded.
The ogre hits you with a giant club!
You hit the ogre.
The ogre is heavily wounded.
You hit the ogre but do no damage.
The ogre is heavily wounded.
The ogre hits you with a giant club!!
You die...

####### ......#
#####.# ### #.. ..#
#####.#####.#
.........##.#
#####.##.##.# #### #
#.##.##.#####...# #
##.##........@.#
####......##.####O..#
......##.###.# #.##
###...##.# #.# .#
###..###.# #.# #
.....###.# #.#
.........# #.#
##..>##### #[# #...#


You could see an ogre.

Vanquished Creatures
  The ghost of George the Shield-Bearer, a novice FoFi (D:3)
  Sigmund (D:3)
  A hippogriff (D:6)
  2 hungry ghosts (D:7)
  A water moccasin (D:7)
  Edmund (D:6)
  Duvessa (D:7)
  A sky beast (D:6)
  An ice beast (D:5)
  A black bear (D:7)
  A phantom (D:6)
  2 ogres
  A giant frog (D:7)
  Dowan (D:7)
  A scorpion (D:7)
  A howler monkey (D:4)
  2 crimson imps
  A giant frog zombie (D:6)
  2 centaur zombies
  4 hounds
  An orc priest (D:6)
  A jelly (D:7)
  5 orc wizards
  2 giant frog skeletons (D:7)
  2 iguanas
  Ijyb (D:2)
  Natasha (D:2)
  A worker ant (D:5)
  A hound skeleton (D:5)
  A howler monkey zombie (D:6)
  A worker ant zombie (D:3)
  Robin (D:2)
  3 gnolls (D:5)
  12 adders
  An ooze (D:4)
  An adder skeleton (D:5)
  2 worms (D:2)
  3 dart slugs
  5 giant geckos
  18 orcs
  3 giant cockroaches
  10 goblins
  14 hobgoblins
  3 jackals (D:5)
  2 quokkas
  3 ball pythons
  A ball python zombie (D:6)
  3 bats
  A giant gecko skeleton (D:4)
  A giant gecko zombie (D:5)
  6 giant newts
  A jackal skeleton (D:7)
  8 kobolds
  A quokka skeleton (D:6)
  7 rats
154 creatures vanquished.

Notes
Turn   | Place    | Note
--------------------------------------------------------------
     0 | D:1      | namelastname112 the Demigod Monk began the quest for the Orb.
     0 | D:1      | Reached XP level 1. HP: 18/18 MP: 3/3
     0 | D:1      | namelastname112: привет
   231 | D:1      | Reached XP level 2. HP: 14/25 MP: 4/4
   929 | D:2      | Reached skill level 4 in Unarmed Combat
   940 | D:2      | Reached skill level 1 in Armour
   949 | D:2      | Found an ancient bone altar of Kikubaaqudgha.
   974 | D:2      | Noticed Ijyb
   989 | D:2      | Killed Ijyb
   989 | D:2      | Reached XP level 3. HP: 21/31 MP: 5/5
   990 | D:2      | Wingboner: RIP
  1298 | D:2      | namelastname112: не хорони
  1298 | D:2      | namelastname112: я только начал
  1305 | D:2      | Noticed Natasha
  1334 | D:2      | Killed Natasha
  1334 | D:2      | Reached XP level 4. HP: 17/38 MP: 6/6
  1979 | D:2      | Noticed Robin
  2010 | D:2      | Killed Robin
  2034 | D:3      | Noticed George's ghost (novice FoFi)
  2037 | D:2      | Wingboner: Лол.
  2329 | D:3      | Killed George's ghost
  2329 | D:3      | Reached skill level 5 in Unarmed Combat
  2329 | D:3      | Reached XP level 5. HP: 43/46 MP: 7/7
  2329 | D:3      | Reached XP level 6. HP: 48/52 MP: 8/8
  2487 | D:2      | Wingboner: Хорошо апнулся.
  2564 | D:2      | Wingboner: Буратиновка — отличное пойло.
  2787 | D:2      | namelastname112: не буду спорить
  2787 | D:2      | namelastname112: спасает
  3328 | D:4      | Wingboner: Какие планы?
  3330 | D:4      | Noticed Sigmund
  3391 | D:3      | Killed Sigmund
  3391 | D:3      | Reached skill level 6 in Unarmed Combat
  3391 | D:3      | Reached XP level 7. HP: 16/59 MP: 9/9
  3392 | D:3      | namelastname112: найти бхэндс
  3392 | D:3      | namelastname112: пиздить все
  3683 | D:4      | Learned a level 2 spell: Repel Missiles
  3965 | D:4      | Wingboner: Свифт выучи, упырок.
  3977 | D:4      | namelastname112: унылый спелл
  4026 | D:4      | Wingboner: Унылый, но иногда спасает.
  4076 | D:4      | namelastname112: вот сколько раз учил
  4076 | D:4      | namelastname112: ни разу меня не спас
  4094 | D:4      | Wingboner: Кек.
  4424 | D:5      | Entered Level 5 of the Dungeon
  4440 | D:5      | jacquesderrida: Исус тоже иногда спасает!
  4454 | D:5      | Wingboner: А я под ним и на Черешню набигал, и в томбе от свинксов драпал, и много чего прочего.
  4584 | D:5      | jacquesderrida: Давай лучше к исусу
  4938 | D:5      | jacquesderrida: Рацио спасений у него лучше
  5119 | D:6      | Found an opulent altar of Gozag.
  5126 | D:6      | Noticed a hippogriff
  5134 | D:6      | Killed a hippogriff
  5134 | D:6      | Reached skill level 7 in Unarmed Combat
  5134 | D:6      | Reached XP level 8. HP: 60/67 MP: 10/10
  5164 | D:6      | Reached skill level 5 in Fighting
  5182 | D:6      | Wingboner: Jesus saves and makes incremental backups.
  5317 | D:6      | jacquesderrida: Гремлин
  5350 | D:6      | Wingboner: Но в этой игре езус есть только орочий.
  5353 | D:6      | jacquesderrida: Велкам
  5435 | D:6      | Reached skill level 5 in Dodging
  5599 | D:6      | Goblin1989: здрась
  5633 | D:6      | Found Naofisu's Antique Armour Boutique.
  5636 | D:6      | Bought an obsidian-encrusted chain mail for 228 gold pieces
  5646 | D:6      | Identified the cursed +1 chain mail "Qocuxzaa" {rC- Int+5 Dex+3} (You bought it in a shop on level 6 of the Dungeon)
  5646 | D:6      | jacquesderrida: пздц
  5741 | D:6      | Found a shimmering altar of Xom.
  5744 | D:6      | Found an oddly glowing altar of Pakellas.
  5745 | D:6      | Found a blossoming altar of Fedhas.
  5745 | D:6      | Found a glowing silver altar of Zin.
  5745 | D:6      | Found a shattered altar of Ashenzari.
  5745 | D:6      | Found a snail-covered altar of Cheibriados.
  5745 | D:6      | Found a bloodstained altar of Trog.
  5746 | D:6      | Found a white marble altar of Elyvilon.
  5747 | D:6      | Found an iron altar of Okawaru.
  5754 | D:6      | Found a radiant altar of Vehumet.
  5810 | D:6      | Noticed Edmund
  5811 | D:6      | jacquesderrida: lale
  5829 | D:6      | Killed Edmund
  6003 | D:6      | jacquesderrida: twister
  6003 | D:6      | namelastname112: стим драгон
  6003 | D:6      | namelastname112: лел
  6200 | D:7      | Noticed Duvessa
  6218 | D:7      | Killed Duvessa
  6246 | D:7      | Noticed Dowan
  6254 | D:7      | Killed Dowan
  6427 | D:7      | Reached skill level 8 in Unarmed Combat
  6449 | D:7      | Reached XP level 9. HP: 69/75 MP: 11/11
  6919 | D:7      | Reached skill level 5 in Armour
  6935 | D:7      | Wingboner: Жаль, кстати, что +твистер выпилили.
  6989 | D:7      | Found a staircase to the Ecumenical Temple.
  7110 | D:7      | Wingboner: Суровая была абилка.
  7110 | D:7      | namelastname112: это че такое?
  7231 | D:8      | Wingboner: Абилка была на рандартах, призывала нейтральный твистер.
  7331 | D:8      | jacquesderrida: Это бар на границе сша и мексики
  7331 | D:8      | namelastname112: ну
  7331 | D:8      | namelastname112: это читерно
  7331 | D:8      | namelastname112: так-то
  7334 | D:8      | jacquesderrida: лимперу очень нравился!
  7339 | D:8      | Slain by an ogre

Vault maps used:
D:1:      scummos_arrival_hexagon, st_stairs_4, minmay_distorted
D:2:      kennysheep_six_static_rooms, lemuel_crystal_altar, first_bread,
          hangedman_decor_push, uniq_natasha, uniq_iyjb, uniq_robin
D:3:      uniq_sigmund
D:4:      minivault_14
D:6:      minitemple, serial_shops, nicolae_shop_window_shopping, uniq_edmund
D:7:      minmay_temple_entry_fiery, uniq_duvessa

Skill      XL: |  1  2  3  4  5  6  7  8  9 |
---------------+----------------------------+-----
Unarmed Combat | 4 5 6 7 8 |  8.6
Armour         | 1 2 3 4 5 |  5.1
Fighting       | 3 4 5 6 |  6.1
Dodging        | 3 4 5 |  5.9
Stealth        | |  1.7

Action                   |  1- 3 |  4- 6 |  7- 9 || total
-------------------------+-------+-------+-------++-------
Melee: Unarmed           |   123 |   185 |   405 ||   713
 Cast: Repel Missiles    |       |       |     1 ||     1
  Use: Potion            |       |     4 |       ||     4
       Scroll            |       |       |     8 ||     8
 Stab: Sleeping          |     1 |     1 |     5 ||     7
  Eat: Chunk             |     1 |     7 |    14 ||    22
       Pizza             |       |       |     1 ||     1
       Beef jerky        |       |       |     3 ||     3
